 Dungeon Crawl Stone Soup version 0.21.1-1-g345015fe64 (webtiles) character file.

284 Loge the Magician (level 6, -10/32 HPs)
             Began as a Deep Elf Fire Elementalist on July 18, 2018.
             Killed from afar by Ijyb (13 damage)
             ... with a wand of acid (8)
             ... on level 4 of the Dungeon.
             The game lasted 00:09:45 (3726 turns).

Loge the Magician (Deep Elf Fire Elementalist)      Turns: 3726, Time: 00:09:45

Health: -10/32     AC:  2    Str:  5    XL:     6   Next: 7%
Magic:  8/15       EV: 13    Int: 22    God:
Gold:   190        SH:  0    Dex: 15    Spells: 4/14 levels left

rFire    . . .     SeeInvis .   a - +0 dagger
rCold    . . .     Gourm    .   (no shield)
rNeg     . . .     Faith    .   s - +0 robe
rPois    .         Spirit   .   (no helmet)
rElec    .         Reflect  .   (no cloak)
rCorr    .         Harm     .   (no gloves)
MR       .....                  (no boots)
Stlth    ++........             (no amulet)
HPRegen  0.10/turn              (no ring)
MPRegen  0.14/turn              (no ring)

@: very slightly contaminated
A: no striking features
a: no special abilities


You were on level 4 of the Dungeon.
You were not hungry.

You visited 1 branch of the dungeon, and saw 4 of its levels.

You collected 190 gold pieces.

Inventory:

Hand Weapons
 a - a +0 dagger (weapon)
 b - a cursed -1 blowgun
Missiles
 m - a throwing net (quivered)
 y - 13 poisoned needles
Armour
 k - a +0 shield
 s - a +0 robe (worn)
Jewellery
 z - a cursed amulet of inaccuracy {unknown}
Scrolls
 d - 3 scrolls of fear {unknown}
 f - 3 scrolls of enchant weapon {unknown}
 h - 3 scrolls of identify {unknown}
 l - 2 scrolls of remove curse {unknown}
 n - 2 scrolls of teleportation {unknown}
 q - 2 scrolls of magic mapping {unknown}
 r - 2 scrolls of amnesia {unknown}
 v - a scroll of random uselessness {unknown}
 x - a scroll of noise {unknown}
Potions
 e - 2 potions of lignification {unknown}
 g - 2 potions of curing {unknown}
 i - 2 potions of heal wounds {unknown}
 j - 2 potions of flight {unknown}
 o - a potion of agility {unknown}
 p - a potion of degeneration {unknown}
 t - a potion of brilliance {unknown}
 u - a potion of berserk rage {unknown}
 w - a potion of invisibility {unknown}
Books
 A - a book of Flames

   Spells                             Type                      Level
   a - Flame Tongue                   Conjuration/Fire             1
   b - Throw Flame                    Conjuration/Fire             2
   c - Conjure Flame                  Conjuration/Fire             3
   d - Inner Flame                    Hexes/Fire                   3
   e - Sticky Flame                   Conjuration/Fire             4
   f - Fireball                       Conjuration/Fire             5
Comestibles
 c - 10 rations
 B - 3 chunks of flesh


   Skills:
 - Level 2.4 Dodging
 - Level 2.4 Stealth
 + Level 4.9 Spellcasting
 * Level 4.7 Conjurations
 + Level 4.7 Fire Magic


You had 4 spell levels left.
You knew the following spells:

 Your Spells              Type           Power        Failure   Level  Hunger
a - Flame Tongue          Conj/Fire      ####.        1%          1    None
b - Throw Flame           Conj/Fire      ####..       2%          2    None
c - Conjure Flame         Conj/Fire      ####....     4%          3    ##.....
d - Sticky Flame          Conj/Fire      ####....     14%         4    ####...


Dungeon Overview and Level Annotations

Branches:
Dungeon (4/15)
 Temple: D:4-7

Altars:
Ashenzari
Okawaru

Annotations:
D:2 exclusion: downstairs
D:4 Ijyb


Message History

Confirm with . or Enter, or press ? or * to list all spells.
You can't see any susceptible monsters within range! (Use Z to cast anyway.)
You see here a howler monkey corpse.
You butcher the howler monkey corpse.
Things that are here:
3 chunks of flesh; a howler monkey skeleton
B - 3 chunks of flesh Ijyb and a skeleton come into view.
Ijyb shouts!
Ijyb zaps a wand.
The bolt of acid hits you!
You are splashed with acid!
The acid burns!
Ouch! That really hurt!
* * * LOW HITPOINT WARNING * * *
It is a wand of acid (9).
Ijyb zaps a wand.
The bolt of acid misses you. Ijyb screams, "Me stronger than you!"
Ijyb hits you with a dagger.
* * * LOW HITPOINT WARNING * * *
Ijyb zaps a wand.
The bolt of acid hits you!
You die...

.... ... . #.. .. #
.. ... ###.## .# ...#
....#. ##.#.....
.###...######........
......†.w....@.#
.......÷Z...g..##..
....!.!.............
...........#.####...
..........##.# ...
.............# ..
..........#### .
........?.#
...........


You could see Ijyb, a worm and a bullfrog skeleton.

Vanquished Creatures
  A howler monkey (D:4)
  A jelly (D:3)
  Terence (D:3)
  Natasha (thrice) (D:2)
  An adder (D:3)
  3 gnolls
  2 worms (D:2)
  2 dart slugs
  A leopard gecko (D:1)
  6 orcs
  6 goblins
  9 hobgoblins
  2 jackals (D:3)
  5 kobolds
  4 quokkas
  2 ball pythons
  3 bats (D:1)
  6 frilled lizards
  8 rats
66 creatures vanquished.

Notes
Turn   | Place    | Note
-------+----------+-------------------------------------------
     0 | D:1      | Loge the Deep Elf Fire Elementalist began the quest for the Orb.
     0 | D:1      | Reached XP level 1. HP: 10/10 MP: 6/6
   313 | D:1      | Reached XP level 2. HP: 15/15 MP: 5/8
   520 | D:1      | Learned a level 2 spell: Throw Flame
   875 | D:2      | Reached XP level 3. HP: 14/19 MP: 5/10
   880 | D:2      | Learned a level 3 spell: Conjure Flame
  1174 | D:2      | Found a shattered altar of Ashenzari.
  1433 | D:2      | Noticed Natasha
  1441 | D:2      | Killed Natasha
  1690 | D:2      | Noticed Natasha
  1701 | D:2      | Killed Natasha
  1701 | D:2      | Reached XP level 4. HP: 18/24 MP: 1/12
  1714 | D:2      | Learned a level 4 spell: Sticky Flame
  1908 | D:2      | Noticed Natasha
  1913 | D:2      | Killed Natasha
  2398 | D:3      | Found an iron altar of Okawaru.
  2502 | D:3      | Reached XP level 5. HP: 28/28 MP: 9/13
  2962 | D:3      | Noticed Terence
  3262 | D:3      | Killed Terence
  3713 | D:4      | Reached XP level 6. HP: 32/32 MP: 7/15
  3721 | D:4      | Noticed Ijyb
  3726 | D:4      | Killed from afar by Ijyb

Skill      XL: |  1  2  3  4  5 |
---------------+----------------+-----
Conjurations   | 2 3 4 |  4.7
Spellcasting   | 4 |  4.9
Fire Magic     | 4 |  4.7
Dodging        | |  2.4
Stealth        | |  2.4

Action                   |  1- 3 |  4- 6 || total
-------------------------+-------+-------++-------
Melee: Unarmed           |     1 |       ||     1
 Cast: Flame Tongue      |    60 |    61 ||   121
       Throw Flame       |     7 |    18 ||    25
       Conjure Flame     |     3 |     8 ||    11
  Eat: Chunk             |     3 |     6 ||     9
Armor: Robe              |     3 |       ||     3
Dodge: Dodged            |    11 |     9 ||    20
